 Dungeon Crawl Stone Soup version 0.31-a0-675-g238779eb0a (webtiles) character file.

Game seed: 15710736421260042672

101901 qw the Crack Shot (level 16, -7/106 HPs)
             Began as a Gargoyle Hunter on Sept 5, 2023.
             Was an Elder of Okawaru.
             Mangled by a tentacle (15 damage)
             ... attached to a kraken
             ... on level 1 of the Shoals.
             The game lasted 00:16:14 (24875 turns).

qw the Crack Shot (Gargoyle Hunter)                Turns: 24875, Time: 00:16:15

Health: -7/106     AC: 40    Str: 19    XL:     16   Next: 31%
Magic:  23/23      EV: 21    Int: 11    God:    Okawaru [****..]
Gold:   669        SH:  0    Dex: 22    Spells: 15/15 levels left

rFire   . . .        u - +2 hand cannon (elec)
rCold   . . .        (no shield)
rNeg    + . .        z - +5 ring mail of the Snake Pit {Str+3 Dex+3}
rPois   inf          d - +2 helmet
rElec   +            n - +0 cloak
rCorr   .            b - +1 pair of gloves
SInv    +            v - +2 pair of boots
Will    +....        r - amulet of faith
Stlth   +++          j - ring of see invisible
HPRegen 0.37/turn    f - +4 ring of protection
MPRegen 0.18/turn

%: faith
@: heroic, flying
A: sickness immunity, AC +12, big wings, negative energy resistance 1,
electricity resistance, torment resistance 1, petrification resistance
a: Renounce Religion, Heroism, Finesse


You were on level 1 of the Shoals.
You worshipped Okawaru.
Okawaru was greatly pleased with you.
You visited 4 branches of the dungeon, and saw 23 of its levels.
You also visited: Gauntlet.

You collected 2822 gold pieces.
You spent 2153 gold pieces at shops.


Innate Abilities, Weirdness & Mutations

You are immune to sickness and miasma.
Your stone body is resilient. (AC +12)
You are immune to poison.
Your large and strong wings let you fly.
You resist negative energy. (rN+)
You are resistant to electric shocks. (rElec)
You are resistant to unholy torment.
You are immune to petrification.


   Skills:
 - Level 14.0(19.0) Fighting
 - Level 21.0(26.0) Ranged Weapons
 - Level 9.0(14.0) Armour
 + Level 8.3(13.3) Dodging
 - Level 1.1(6.1) Stealth
 - Level 10.0 Invocations


You had 15 spell levels left.
You didn't know any spells.
Your spell library was empty.

Inventory:

Hand Weapons
 u - a +2 hand cannon of electrocution (weapon)
Armour
 b - a +1 pair of gloves (worn)
 d - a +2 helmet (worn)
 n - a +0 cloak (worn)
 v - a +2 pair of boots (worn)
 z - the +5 ring mail of the Snake Pit (worn) {Str+3 Dex+3}
   (You bought it in a shop on level 12 of the Dungeon)

   Str+3:     It affects your strength (+3).
   Dex+3:     It affects your dexterity (+3).
Jewellery
 f - a +4 ring of protection (right hand)
 j - a ring of see invisible (left hand)
 q - a ring of fire
 r - an amulet of faith (around neck)
 y - the amulet of Moral Flaws {Reflect Rampage rF+++ rC+ MP-9 SH+5}
   (You found it in a Gauntlet)

   [amulet of reflection]

   Reflect:   It reflects blocked missile attacks.
   rF+++:     It renders you almost immune to fire.
   rC+:       It protects you from cold.
   MP-9:      It affects your magic capacity (-9).
   SH+5:      It affects your SH (+5).
   Rampage:   It bestows one free step when moving towards enemies.
 A - a +4 ring of protection
Wands
 p - a wand of digging (9)
Scrolls
 h - 7 scrolls of identify
Potions
 a - 3 potions of haste
 c - 3 potions of resistance
 i - 5 potions of might
 k - 7 potions of curing
 l - 3 potions of cancellation
 m - 6 potions of enlightenment
 o - 2 potions of magic
 t - 2 potions of mutation

Dungeon Overview and Level Annotations

Branches:
Dungeon (15/15)            Temple (0/1) D:6            Lair (5/5) D:10
 Shoals (1/4) Lair:3        Snake (0/4) Lair:2        Slime (0/5) Lair:4
    Orc (2/2) D:10            Elf (0/3) Orc:2        Vaults (0/5) D:13
 Depths (0/4) D:15        Gauntlet (visited)

Altars:
Ashenzari
Cheibriados
Fedhas
Okawaru
Ru
Sif Muna
Trog
Wu Jian
Xom
Yredelemnul
Zin
The Shining One

Shops:
D:12 [   Orc:1 :   Orc:2 ?[!(

Annotations:
D:2 1 runed translucent door, Crazy Yiuf
D:11 2 transporters, qw's ghost, journeyman GrHu
D:12 3 runed translucent doors


Message History

The tentacle barely misses you.
The tentacle slaps you but does no damage. x2
The harpy barely misses you. The harpy completely misses you.
The harpy claws you but does no damage. x2; The tentacle barely misses you.
You shoot a bolt. The bolt hits the tentacle!
The tentacle is almost dead.
The harpy closely misses you. The harpy claws you. The harpy misses you.
The harpy claws you but does no damage. The tentacle completely misses you.
The tentacle closely misses you.
The tentacle slaps you but does no damage.
The harpy closely misses you. The harpy completely misses you.
The tentacle slaps you! The harpy misses you.
The harpy claws you but does no damage. The tentacle misses you.
The tentacle slaps you. The tentacle completely misses you.
24873 ||| DRINKING potion of heal wounds.
You feel much better.
The tentacle slaps you but does no damage.
The harpy barely misses you. The harpy claws you but does no damage.
The tentacle slaps you but does no damage.
The harpy claws you but does no damage. x2; The tentacle completely misses you.
The tentacle slaps you but does no damage.
A tentacle segment bursts forth from the water. x3
The tentacle misses you.
The kraken squirts a massive cloud of ink into the water!
The tentacle slaps you! The tentacle slaps you.
You shoot a bolt. The bolt hits the tentacle!!
You kill the tentacle!
The harpy misses you. The harpy claws you but does no damage.
The harpy claws you. The harpy claws you but does no damage.
The tentacle barely misses you. x2; The harpy misses you. x2
The harpy claws you but does no damage. The harpy closely misses you.
The tentacle slaps you. The tentacle completely misses you.
The tentacle misses you. The harpy completely misses you.
The harpy closely misses you. The harpy claws you!
The harpy closely misses you.
You shoot a bolt. The bolt hits the tentacle!!
The tentacle is heavily wounded.
The harpy misses you. The harpy barely misses you.
The harpy completely misses you. The harpy barely misses you.
The harpy misses you. The harpy barely misses you. The tentacle slaps you!
You die...

~~~~~~~~~~~~~..~~~
~~~~~~~~~~~~~~~~~~~
~~~~~~~~~~~~~~~~~~~
~~~~~~~~~~~~~~¤~~~~
~~~~~~~~~~~~¤¤~~~~~
~~~~~~~~~~~¤¤~~~~~~
~~~~~~~~~X¤¤~~.~~~~~
~~~~~~~~~¤www~~~~~~~~
~~~~~~~~~¤H@~~~~~~~~~
~~~~~~~~¤¤HHH.~~~~~~~
~~~~~~~~¤~~###.~~~~~~
~~~~~~~~.~.##..~~~~~~
~~~~~~~~~~.....~~>~~
~~~~~~~~.......~~~~
~~~~~~~~~..<....~~.
~~~~~~~........~~.
~~~~~~~...~~~.....


You could see a kraken, 3 tentacles and 4 harpies.

Vanquished Creatures
  Rupert (D:14)
  A minotaur (Gauntlet)
  3 dire elephants (Lair:5)
  Josephine (Lair:4)
  An ettin (D:10)
  A fire dragon (D:14)
  6 hydras
  4 ogre magi
  2 catoblepae
  2 centaur warriors
  A boulder beetle (Lair:5)
  12 two-headed ogres
  2 death knights
  2 death yaks (Lair:5)
  A tengu warrior (D:14)
  A spectral dire elephant (Lair:5)
  Nergalle (D:12)
  A skyshark (Lair:3)
  2 skeletal warriors
  An orange crystal statue (Gauntlet)
  An obsidian statue (Lair:5)
  A wizard (D:15)
  6 necromancers
  2 orc knights (D:15)
  3 deep elf zephyrmancers
  A wolf spider zombie (D:15)
  A deep elf pyromancer (D:14)
  3 orc sorcerers
  4 cyclopes
  15 ugly things
  5 manticores
  A dire elephant zombie (Lair:5)
  2 oklob plants (Lair:4)
  29 elephants
  2 gargoyles
  A merfolk siren (Lair:3)
  A naga mage (D:15)
  2 black mambas
  Maggie (D:10)
  Joseph (D:8)
  A dire elephant skeleton (Lair:5)
  An unseen horror (D:13)
  2 kobold demonologists
  13 cane toads
  2 rime drakes
  A centaur skeleton (D:15)
  An efreet (D:15)
  2 minotaur zombies (Gauntlet)
  A freezing wraith (D:15)
  4 tengu conjurers
  11 komodo dragons
  3 trolls
  2 polar bears
  3 hornets
  A queen bee (Gauntlet)
  Prince Ribbit (D:8)
  12 blink frogs (Lair:1)
  4 dream sheep (Lair:3)
  A centaur simulacrum (D:15)
  A spectral elephant (Lair:5)
  15 slime creatures
  47 yaks
  2 vampires
  5 basilisks
  5 wyverns
  8 wraiths
  2 yaks (shapeshifter) (D:14)
  Grum (D:8)
  13 vampire mosquitoes
  3 steam dragons (D:7)
  2 wargs
  Menkaure (D:7)
  A spectral cane toad (Lair:5)
  5 water moccasins
  An elephant zombie (Lair:5)
  3 black bears
  22 orc warriors
  24 ogres
  18 wolves
  2 ice beasts
  5 centaurs
  An elephant skeleton (Lair:5)
  2 phantoms
  19 kobold brigands
  12 bullfrogs
  4 scorpions
  2 gnoll sergeants (D:10)
  A cane toad simulacrum (Lair:5)
  8 wights
  8 killer bees
  3 elephant simulacra (Lair:5)
  4 howler monkeys
  4 electric eels (D:10)
  3 hounds
  3 jellies (D:6)
  17 orc priests
  2 gnoll boudas
  2 boggart zombies (D:15)
  4 iguanas
  20 orc wizards
  A mummy (D:12)
  5 adders
  12 gnolls
  An ufetubus (D:6)
  2 worms (D:2)
  2 dart slugs
  78 orcs
  9 ball pythons
  7 endoplasms
  3 giant cockroaches
  2 goblins
  6 hobgoblins
  7 jackals
  3 quokkas
  5 bats
  5 frilled lizards
  32 kobolds
  4 rats
  3 tentacles (Shoals:1)
686 creatures vanquished.

Vanquished Creatures (others)
  An orc wizard (Orc:1)
  A tentacle (Shoals:1)
2 creatures vanquished.

Grand Total: 688 creatures vanquished

Notes
Turn   | Place    | Note
-------+----------+-------------------------------------------
     0 | D:1      | qw the Gargoyle Hunter began the quest for the Orb.
     0 | D:1      | Reached XP level 1. HP: 12/12 MP: 1/1
     0 | D:1      | 0 ||| qw: Version: 0.3-a-75-gb5c8c4b
     0 | D:1      | 0 ||| qw: Game counter: 28
     0 | D:1      | 0 ||| qw: Melee chars always use a shield: true
     0 | D:1      | 0 ||| qw: God list: Okawaru
     0 | D:1      | 0 ||| qw: Allow faded altars: false
     0 | D:1      | 0 ||| qw: Do Orc after clearing Dungeon:15 true
     0 | D:1      | 0 ||| qw: Do second Lair branch before Depths: true
     0 | D:1      | 0 ||| qw: Lair rune preference: random
     0 | D:1      | 0 ||| qw: Goals: Normal
     0 | D:1      | 0 ||| PLANNING D:1-11
    35 | D:1      | 35 ||| SWAPPING to +0 arbalest.
    37 | D:1      | 37 ||| DROPPING +0 shortbow.
   196 | D:1      | Reached XP level 2. HP: 17/17 MP: 2/2
   485 | D:1      | Found a faded altar of an unknown god.
   798 | D:1      | Found a shimmering blue altar of Sif Muna.
   802 | D:1      | 802 ||| UPGRADING to ring of see invisible.
   803 | D:1      | 803 ||| READING scroll labelled QEISOOR ILAOSOCK.
   808 | D:1      | 808 ||| READING scroll labelled VIR OCOZYD.
   809 | D:1      | 809 ||| READING scroll labelled XOSOEMI SEFO.
   810 | D:1      | 810 ||| READING scroll labelled JAEKOLLUAD.
   811 | D:1      | 811 ||| DRINKING 2 white potions.
   812 | D:1      | 812 ||| DROPPING scroll of butterflies.
   964 | D:2      | Reached XP level 3. HP: 21/21 MP: 3/3
   967 | D:2      | Reached skill level 5 in Ranged Weapons
  1120 | D:2      | Found a shimmering altar of Xom.
  1378 | D:2      | Found a runed translucent door.
  1379 | D:2      | Noticed Crazy Yiuf
  1540 | D:2      | 1540 ||| UPGRADING to +0 ring mail.
  1550 | D:2      | 1550 ||| DROPPING +0 leather armour.
  1551 | D:2      | 1551 ||| UPGRADING to +4 ring of protection.
  1552 | D:2      | 1552 ||| READING scroll labelled XYPSAGR GAIXEM.
  1553 | D:2      | 1553 ||| DRINKING 2 clear potions.
  1554 | D:2      | 1554 ||| DROPPING potion of degeneration.
  1573 | D:3      | Reached skill level 1 in Armour
  1582 | D:3      | Identified the +1 ring mail "Relog" {Dex+5 Slay-2}
  1596 | D:3      | Reached XP level 4. HP: 27/27 MP: 4/4
  1596 | D:3      | Found an iron altar of Okawaru.
  1597 | D:3      | 1597 ||| PLANNING OKAWARU WORSHIP
  1646 | D:3      | Reached skill level 3 in Fighting
  1747 | D:3      | Found a glowing silver altar of Zin.
  1748 | D:3      | 1748 ||| UPGRADING to +1 ring mail "Relog" {Dex+5 Slay-2}.
  1758 | D:3      | 1758 ||| DROPPING +0 ring mail.
  1793 | D:3      | Became a worshipper of Warmaster Okawaru
  1794 | D:3      | 1794 ||| PLANNING D:1-11
  2041 | D:3      | Noticed a phantom
  2050 | D:3      | Killed a phantom
  2051 | D:3      | Reached skill level 6 in Ranged Weapons
  2051 | D:3      | Reached XP level 5. HP: 25/32 MP: 5/5
  2606 | D:3      | 2606 ||| DROPPING +6 ring of intelligence.
  2607 | D:3      | 2607 ||| READING scroll labelled PYUVOGH SOURHAPTU.
  2608 | D:3      | 2608 ||| DRINKING 2 murky black potions.
  2609 | D:3      | 2609 ||| READING 2 scrolls of identify.
  2609 | D:3      | 2609 ||| IDENTIFYING dark potion
  2610 | D:3      | 2610 ||| DROPPING potion of brilliance.
  2677 | D:4      | Noticed a black bear
  2688 | D:4      | Killed a black bear
  2688 | D:4      | Reached * piety under Okawaru
  2689 | D:4      | Reached XP level 6. HP: 34/40 MP: 6/6
  2809 | D:4      | 2809 ||| INVOKING Heroism.
  2814 | D:4      | 2814 ||| Stepping ~*~*~tactically~*~*~ (outnumbered).
  2819 | D:4      | 2819 ||| INVOKING Heroism.
  3058 | D:4      | Found a broken altar of Ashenzari.
  3066 | D:4      | 3066 ||| READING 2 scrolls of identify.
  3066 | D:4      | 3066 ||| IDENTIFYING glowing white potion
  3109 | D:5      | Entered Level 5 of the Dungeon
  3132 | D:5      | Reached skill level 1 in Invocations
  3215 | D:5      | Reached XP level 7. HP: 44/44 MP: 8/8
  3325 | D:5      | 3325 ||| INVOKING Heroism.
  3329 | D:5      | Reached skill level 7 in Ranged Weapons
  3329 | D:5      | Reached skill level 3 in Invocations
  3595 | D:5      | 3595 ||| DRINKING 2 puce potions.
  3636 | D:5      | 3636 ||| READING 3 scrolls of identify.
  3636 | D:5      | 3636 ||| IDENTIFYING fizzy red potion
  3637 | D:5      | 3637 ||| READING 2 scrolls of identify.
  3637 | D:5      | 3637 ||| IDENTIFYING bubbling ruby potion
  3638 | D:5      | 3638 ||| DROPPING potion of berserk rage.
  3639 | D:5      | 3639 ||| DROPPING potion of lignification.
  3671 | D:6      | Found a staircase to the Ecumenical Temple.
  3693 | D:6      | Reached ** piety under Okawaru
  3742 | D:6      | Found an ornate altar of the Wu Jian Council.
  3749 | D:6      | Noticed a spectral centipede
  3749 | D:6      | Noticed a spectral black mamba
  3749 | D:6      | Noticed a spectral cane toad
  3841 | D:6      | 3841 ||| INVOKING Heroism.
  3845 | D:6      | Reached XP level 8. HP: 49/49 MP: 8/11
  3971 | D:6      | 3971 ||| INVOKING Heroism.
  3977 | D:6      | Reached skill level 8 in Ranged Weapons
  4095 | D:6      | Noticed a skeletal warrior
  4096 | D:6      | 4096 ||| INVOKING Heroism.
  4103 | D:6      | HP: 5/49 [skeletal warrior/+3 long sword (13)]
  4104 | D:6      | 4104 ||| READING 3 scrolls of teleportation.
  4105 | D:6      | 4105 ||| DRINKING 2 potions of heal wounds.
  4322 | D:6      | 4322 ||| INVOKING Heroism.
  4325 | D:6      | 4325 ||| RETREATING.
  4325 | D:6      | Found a sacrificial altar of Ru.
  4331 | D:6      | Reached skill level 9 in Ranged Weapons
  4338 | D:6      | Found a bloodstained altar of Trog.
  4339 | D:6      | 4339 ||| UPGRADING to +0 helmet.
  4352 | D:6      | 4352 ||| INVOKING Heroism.
  4357 | D:6      | HP: 12/49 [skeletal warrior/+3 long sword (10)]
  4358 | D:6      | 4358 ||| READING 2 scrolls of teleportation.
  4359 | D:6      | 4359 ||| DRINKING potion of heal wounds.
  4360 | D:6      | Noticed a cyclops
  4365 | D:6      | Killed a cyclops
  4366 | D:6      | Reached XP level 9. HP: 16/57 MP: 12/12
  4587 | D:6      | 4587 ||| INVOKING Heroism.
  4608 | D:6      | 4608 ||| READING scroll labelled VATOVU ALLUF.
  4609 | D:6      | 4609 ||| READING scroll labelled TUJUCW ULOI.
  4650 | D:6      | 4650 ||| READING 3 scrolls of identify.
  4650 | D:6      | 4650 ||| IDENTIFYING lumpy yellow potion
  4651 | D:6      | 4651 ||| READING 2 scrolls of identify.
  4651 | D:6      | 4651 ||| IDENTIFYING ruby potion
  4652 | D:6      | 4652 ||| DROPPING potion of ambrosia.
  4653 | D:6      | 4653 ||| DROPPING potion of invisibility.
  4659 | D:6      | 4659 ||| INVOKING Heroism.
  4669 | D:6      | Killed a skeletal warrior
  4743 | D:6      | Reached *** piety under Okawaru
  4919 | D:7      | Noticed Menkaure
  4935 | D:7      | 4935 ||| INVOKING Heroism.
  5064 | D:7      | 5064 ||| FLEEEEING.
  5065 | D:7      | 5065 ||| FLEEEEING.
  5177 | D:7      | Identified the staff of Insufficient Pleasure {rPois rF+
                  | rC++ Int-3 Tloc Poison}
  5196 | D:7      | 5196 ||| INVOKING Heroism.
  5197 | D:7      | 5197 ||| Stepping ~*~*~tactically~*~*~ (cloud).
  5202 | D:7      | Reached skill level 10 in Ranged Weapons
  5388 | D:7      | Found a shimmering blue altar of Sif Muna.
  5393 | D:7      | 5393 ||| INVOKING Heroism.
  5398 | D:7      | Killed Menkaure
  5697 | D:7      | Reached skill level 11 in Ranged Weapons
  5697 | D:7      | Reached XP level 10. HP: 63/63 MP: 13/13
  5858 | D:7      | You fall into a shaft and drop 2 floors!
  5870 | D:9      | 5870 ||| READING scroll labelled KOUFUU ESISS.
  5871 | D:9      | 5871 ||| READING 2 scrolls of identify.
  5871 | D:9      | 5871 ||| IDENTIFYING inky potion
  5926 | D:8      | Noticed Grum
  5927 | D:8      | 5927 ||| RETREATING.
  5928 | D:8      | 5928 ||| Stepping ~*~*~tactically~*~*~ (retreating).
  5929 | D:8      | 5929 ||| Stepping ~*~*~tactically~*~*~ (retreating).
  5930 | D:8      | 5930 ||| Stepping ~*~*~tactically~*~*~ (retreating).
  5933 | D:8      | Reached skill level 3 in Armour
  5933 | D:8      | 5933 ||| INVOKING Heroism.
  5941 | D:8      | Killed Grum
  6182 | D:7      | 6182 ||| READING scroll labelled KOTHRE VIXEUG.
  6388 | D:8      | Noticed Joseph
  6389 | D:8      | 6389 ||| FLEEEEING.
  6397 | D:8      | 6397 ||| FLEEEEING.
  6409 | D:8      | Killed Joseph
  6426 | D:8      | 6426 ||| INVOKING Heroism.
  6428 | D:8      | Noticed a kobold demonologist
  6432 | D:8      | 6432 ||| FLEEEEING.
  6436 | D:8      | Noticed a soul eater
  6439 | D:8      | Killed a kobold demonologist
  6509 | D:8      | 6509 ||| FLEEEEING.
  6603 | D:8      | Reached skill level 12 in Ranged Weapons
  6615 | D:8      | 6615 ||| Stepping ~*~*~tactically~*~*~ (retreating).
  6616 | D:8      | 6616 ||| Stepping ~*~*~tactically~*~*~ (retreating).
  6617 | D:8      | 6617 ||| Stepping ~*~*~tactically~*~*~ (outnumbered).
  6620 | D:8      | 6620 ||| INVOKING Heroism.
  6636 | D:8      | 6636 ||| FLEEEEING.
  6756 | D:8      | Reached **** piety under Okawaru
  6762 | D:8      | 6762 ||| Stepping ~*~*~tactically~*~*~ (outnumbered).
  6825 | D:8      | 6825 ||| RETREATING.
  6827 | D:8      | 6827 ||| Stepping ~*~*~tactically~*~*~ (outnumbered).
  6829 | D:8      | 6829 ||| Stepping ~*~*~tactically~*~*~ (retreating).
  7019 | D:8      | 7019 ||| READING scroll of enchant armour.
  7019 | D:8      | 7019 ||| ENCHANTING +0 helmet.
  7118 | D:8      | Noticed Prince Ribbit
  7125 | D:8      | Killed Prince Ribbit
  7248 | D:8      | 7248 ||| READING scroll labelled RUOLIY YKKUDU.
  7249 | D:8      | 7249 ||| READING scroll labelled IMEWKU MIRE.
  7318 | D:9      | 7318 ||| RETREATING.
  7330 | D:9      | Reached skill level 6 in Invocations
  7330 | D:9      | Reached XP level 11. HP: 48/68 MP: 15/15
  7331 | D:9      | Reached ***** piety under Okawaru
  7335 | D:9      | 7335 ||| INVOKING Heroism.
  7342 | D:9      | Reached skill level 13 in Ranged Weapons
  7626 | D:9      | 7626 ||| INVOKING Heroism.
  7629 | D:9      | 7629 ||| Stepping ~*~*~tactically~*~*~ (retreating).
  7630 | D:9      | 7630 ||| Stepping ~*~*~tactically~*~*~ (outnumbered).
  7632 | D:9      | 7632 ||| Stepping ~*~*~tactically~*~*~ (retreating).
  7635 | D:9      | 7635 ||| Stepping ~*~*~tactically~*~*~ (retreating).
  7636 | D:9      | 7636 ||| Stepping ~*~*~tactically~*~*~ (retreating).
  7637 | D:9      | 7637 ||| Stepping ~*~*~tactically~*~*~ (retreating).
  7638 | D:9      | 7638 ||| Stepping ~*~*~tactically~*~*~ (retreating).
  7639 | D:9      | 7639 ||| Stepping ~*~*~tactically~*~*~ (retreating).
  7870 | D:9      | Found a basalt altar of Yredelemnul.
  8048 | D:9      | 8048 ||| READING 2 scrolls labelled FOMYQA PIFIABB.
  8049 | D:9      | 8049 ||| READING 3 scrolls of identify.
  8049 | D:9      | 8049 ||| IDENTIFYING sedimented clear potion
  8050 | D:9      | 8050 ||| READING 2 scrolls of identify.
  8050 | D:9      | 8050 ||| IDENTIFYING silvery potion
  8051 | D:9      | 8051 ||| DROPPING scroll of immolation.
  8067 | D:10     | Entered Level 10 of the Dungeon
  8099 | D:10     | 8099 ||| INVOKING Heroism.
  8139 | D:10     | Found a staircase to the Orcish Mines.
  8145 | D:10     | 8145 ||| Stepping ~*~*~tactically~*~*~ (retreating).
  8149 | D:10     | 8149 ||| RETREATING.
  8157 | D:10     | 8157 ||| Stepping ~*~*~tactically~*~*~ (retreating).
  8158 | D:10     | 8158 ||| Stepping ~*~*~tactically~*~*~ (retreating).
  8159 | D:10     | 8159 ||| Stepping ~*~*~tactically~*~*~ (retreating).
  8162 | D:10     | 8162 ||| INVOKING Heroism.
  8191 | D:10     | Reached skill level 9 in Fighting
  8197 | D:10     | 8197 ||| INVOKING Heroism.
  8311 | D:10     | 8311 ||| Stepping ~*~*~tactically~*~*~ (retreating).
  8312 | D:10     | 8312 ||| Stepping ~*~*~tactically~*~*~ (retreating).
  8313 | D:10     | 8313 ||| Stepping ~*~*~tactically~*~*~ (retreating).
  8314 | D:10     | 8314 ||| Stepping ~*~*~tactically~*~*~ (retreating).
  8315 | D:10     | 8315 ||| RETREATING.
  8326 | D:10     | 8326 ||| Stepping ~*~*~tactically~*~*~ (retreating).
  8327 | D:10     | 8327 ||| Stepping ~*~*~tactically~*~*~ (retreating).
  8328 | D:10     | 8328 ||| Stepping ~*~*~tactically~*~*~ (retreating).
  8329 | D:10     | 8329 ||| Stepping ~*~*~tactically~*~*~ (retreating).
  8337 | D:10     | 8337 ||| INVOKING Heroism.
  8455 | D:10     | 8455 ||| INVOKING Heroism.
  8469 | D:10     | 8469 ||| Stepping ~*~*~tactically~*~*~ (outnumbered).
  8500 | D:10     | 8500 ||| INVOKING Heroism.
  8560 | D:10     | 8560 ||| RETREATING.
  8563 | D:10     | 8563 ||| Stepping ~*~*~tactically~*~*~ (retreating).
  8564 | D:10     | 8564 ||| Stepping ~*~*~tactically~*~*~ (retreating).
  8565 | D:10     | 8565 ||| Stepping ~*~*~tactically~*~*~ (retreating).
  8566 | D:10     | 8566 ||| Stepping ~*~*~tactically~*~*~ (retreating).
  8567 | D:10     | 8567 ||| Stepping ~*~*~tactically~*~*~ (retreating).
  8568 | D:10     | 8568 ||| Stepping ~*~*~tactically~*~*~ (retreating).
  8573 | D:10     | 8573 ||| INVOKING Heroism.
  8589 | D:10     | HP: 11/71 [killer bee (7)]
  8590 | D:10     | 8590 ||| READING 2 scrolls of teleportation.
  8591 | D:10     | 8591 ||| DRINKING potion of heal wounds.
  8626 | D:10     | 8626 ||| INVOKING Heroism.
  8686 | D:10     | 8686 ||| INVOKING Heroism.
  8832 | D:10     | 8832 ||| INVOKING Heroism.
  8902 | D:10     | Found a staircase to the Lair.
  8903 | D:10     | Noticed Maggie
  8907 | D:10     | Killed Maggie
  8962 | D:10     | Noticed a two-headed ogre
  8963 | D:10     | 8963 ||| INVOKING Heroism.
  8968 | D:10     | Killed a two-headed ogre
  8969 | D:10     | Reached skill level 9 in Invocations
  9023 | D:10     | 9023 ||| INVOKING Heroism.
  9048 | D:10     | Noticed a manticore
  9050 | D:10     | Killed a manticore
  9050 | D:10     | Noticed a cyclops
  9053 | D:10     | Killed a cyclops
  9374 | D:10     | 9374 ||| Stepping ~*~*~tactically~*~*~ (retreating).
  9387 | D:10     | 9387 ||| INVOKING Heroism.
  9389 | D:10     | 9389 ||| FLEEEEING.
  9390 | D:10     | 9390 ||| FLEEEEING.
  9391 | D:10     | 9391 ||| FLEEEEING.
  9392 | D:10     | 9392 ||| FLEEEEING.
  9393 | D:10     | 9393 ||| FLEEEEING.
  9394 | D:10     | 9394 ||| FLEEEEING.
  9395 | D:10     | 9395 ||| FLEEEEING.
  9396 | D:10     | 9396 ||| FLEEEEING.
  9397 | D:10     | 9397 ||| FLEEEEING.
  9409 | D:10     | Reached XP level 12. HP: 42/76 MP: 19/19
  9578 | D:10     | 9578 ||| INVOKING Heroism.
  9586 | D:10     | Reached skill level 14 in Ranged Weapons
  9742 | D:10     | 9742 ||| PLANNING LAIR
  9742 | D:10     | 9742 ||| READING 2 scrolls of identify.
  9742 | D:10     | 9742 ||| IDENTIFYING coppery potion
  9743 | D:10     | 9743 ||| DROPPING potion of attraction.
  9832 | Lair:1   | Entered Level 1 of the Lair of Beasts
  9843 | Lair:1   | 9843 ||| INVOKING Heroism.
  9845 | Lair:1   | 9845 ||| Stepping ~*~*~tactically~*~*~ (retreating).
  9873 | Lair:1   | 9873 ||| FLEEEEING.
  9877 | Lair:1   | 9877 ||| INVOKING Heroism.
 10003 | Lair:1   | 10003 ||| INVOKING Heroism.
 10049 | Lair:1   | 10049 ||| INVOKING Heroism.
 10050 | Lair:1   | 10050 ||| RETREATING.
 10058 | Lair:1   | 10058 ||| Stepping ~*~*~tactically~*~*~ (retreating).
 10059 | Lair:1   | 10059 ||| Stepping ~*~*~tactically~*~*~ (retreating).
 10060 | Lair:1   | 10060 ||| Stepping ~*~*~tactically~*~*~ (retreating).
 10067 | Lair:1   | 10067 ||| Stepping ~*~*~tactically~*~*~ (retreating).
 10068 | Lair:1   | 10068 ||| Stepping ~*~*~tactically~*~*~ (retreating).
 10069 | Lair:1   | 10069 ||| Stepping ~*~*~tactically~*~*~ (retreating).
 10074 | Lair:1   | 10074 ||| Stepping ~*~*~tactically~*~*~ (retreating).
 10081 | Lair:1   | 10081 ||| INVOKING Heroism.
 10237 | Lair:1   | 10237 ||| INVOKING Heroism.
 10239 | Lair:1   | Noticed a catoblepas
 10240 | Lair:1   | 10240 ||| RETREATING.
 10248 | Lair:1   | 10248 ||| Stepping ~*~*~tactically~*~*~ (retreating).
 10249 | Lair:1   | 10249 ||| Stepping ~*~*~tactically~*~*~ (retreating).
 10250 | Lair:1   | 10250 ||| Stepping ~*~*~tactically~*~*~ (retreating).
 10255 | Lair:1   | HP: 16/77 [catoblepas/blast of calcifying dust (6)]
 10256 | Lair:1   | 10256 ||| READING scroll of teleportation.
 10257 | Lair:1   | Killed a catoblepas
 10262 | Lair:1   | 10262 ||| RETREATING.
 10271 | Lair:1   | 10271 ||| Stepping ~*~*~tactically~*~*~ (retreating).
 10272 | Lair:1   | HP: 17/77 [cane toad (5)]
 10277 | Lair:1   | HP: 5/77 [hornet (12)]
 10515 | Lair:1   | Noticed a four-headed hydra
 10516 | Lair:1   | 10516 ||| INVOKING Heroism.
 10526 | Lair:1   | Killed a four-headed hydra
 10697 | Lair:1   | 10697 ||| READING scroll of enchant weapon.
 10697 | Lair:1   | 10697 ||| ENCHANTING +1 arbalest.
 11025 | Lair:1   | 11025 ||| DRINKING 2 glowing cyan potions.
 11039 | Lair:2   | 11039 ||| INVOKING Heroism.
 11042 | Lair:2   | 11042 ||| STAIRDANCE
 11101 | Lair:2   | Reached skill level 15 in Ranged Weapons
 11130 | Lair:2   | 11130 ||| INVOKING Heroism.
 11324 | Lair:2   | Found a staircase to the Snake Pit.
 11556 | Lair:2   | 11556 ||| INVOKING Heroism.
 11861 | Lair:2   | 11861 ||| UPGRADING to +0 cloak.
 11913 | Lair:3   | 11913 ||| STAIRDANCE
 11924 | Lair:3   | 11924 ||| PLANNING LAIR
 11924 | Lair:3   | 11924 ||| PLANNING LAIR
 11924 | Lair:3   | 11924 ||| RETREATING.
 11925 | Lair:3   | 11925 ||| Stepping ~*~*~tactically~*~*~ (retreating).
 11926 | Lair:3   | 11926 ||| STAIRDANCE
 12026 | Lair:3   | 12026 ||| INVOKING Heroism.
 12031 | Lair:3   | Reached XP level 13. HP: 46/82 MP: 17/20
 12203 | Lair:3   | 12203 ||| RETREATING.
 12204 | Lair:3   | 12204 ||| INVOKING Heroism.
 12207 | Lair:3   | 12207 ||| PLANNING LAIR
 12207 | Lair:3   | 12207 ||| RETREATING.
 12215 | Lair:3   | 12215 ||| Stepping ~*~*~tactically~*~*~ (retreating).
 12216 | Lair:3   | 12216 ||| Stepping ~*~*~tactically~*~*~ (retreating).
 12217 | Lair:3   | 12217 ||| Stepping ~*~*~tactically~*~*~ (retreating).
 12218 | Lair:3   | 12218 ||| Stepping ~*~*~tactically~*~*~ (retreating).
 12229 | Lair:3   | Reached skill level 16 in Ranged Weapons
 12426 | Lair:3   | 12426 ||| READING scroll of enchant armour.
 12426 | Lair:3   | 12426 ||| ENCHANTING +1 helmet.
 12578 | Lair:3   | 12578 ||| Stepping ~*~*~tactically~*~*~ (outnumbered).
 12715 | Lair:3   | 12715 ||| Stepping ~*~*~tactically~*~*~ (retreating).
 12716 | Lair:3   | 12716 ||| Stepping ~*~*~tactically~*~*~ (retreating).
 12718 | Lair:3   | 12718 ||| Stepping ~*~*~tactically~*~*~ (retreating).
 12720 | Lair:3   | 12720 ||| Stepping ~*~*~tactically~*~*~ (retreating).
 12729 | Lair:3   | Identified the +1 longbow of Paper {drain, +Blink rPois}
                  | (Okawaru gifted it to you on level 3 of the Lair of Beasts)
 12729 | Lair:3   | Received a gift from Okawaru
 12750 | Lair:3   | 12750 ||| SWAPPING to +1 longbow of Paper {drain, +Blink
                  | rPois}.
 12751 | Lair:3   | 12751 ||| DROPPING +2 arbalest.
 12773 | Lair:3   | Reached skill level 6 in Dodging
 13009 | Lair:3   | Found a staircase to the Shoals.
 13294 | Lair:3   | 13294 ||| READING scroll labelled QASU BUETUGUSS.
 13295 | Lair:3   | 13295 ||| READING scroll labelled ZEYJYF MONIUW.
 13402 | Lair:4   | 13402 ||| STAIRDANCE
 13450 | Lair:4   | 13450 ||| STAIRDANCE
 13609 | Lair:4   | Found a staircase to the Slime Pits.
 13611 | Lair:4   | 13611 ||| INVOKING Heroism.
 13657 | Lair:4   | 13657 ||| INVOKING Finesse.
 13755 | Lair:4   | Found a blossoming altar of Fedhas.
 13759 | Lair:4   | 13759 ||| INVOKING Heroism.
 13760 | Lair:4   | 13760 ||| INVOKING Finesse.
 13811 | Lair:4   | 13811 ||| INVOKING Heroism.
 13927 | Lair:4   | 13927 ||| Stepping ~*~*~tactically~*~*~ (retreating).
 13928 | Lair:4   | 13928 ||| Stepping ~*~*~tactically~*~*~ (retreating).
 13929 | Lair:4   | 13929 ||| Stepping ~*~*~tactically~*~*~ (retreating).
 13930 | Lair:4   | 13930 ||| Stepping ~*~*~tactically~*~*~ (retreating).
 13934 | Lair:4   | 13934 ||| INVOKING Heroism.
 14163 | Lair:4   | 14163 ||| INVOKING Heroism.
 14167 | Lair:4   | Reached skill level 17 in Ranged Weapons
 14184 | Lair:4   | 14184 ||| RETREATING.
 14202 | Lair:4   | 14202 ||| RETREATING.
 14207 | Lair:4   | 14207 ||| RETREATING.
 14210 | Lair:4   | 14210 ||| Stepping ~*~*~tactically~*~*~ (retreating).
 14285 | Lair:4   | Noticed Josephine
 14287 | Lair:4   | 14287 ||| RETREATING.
 14301 | Lair:4   | 14301 ||| INVOKING Heroism.
 14305 | Lair:4   | 14305 ||| RETREATING.
 14306 | Lair:4   | 14306 ||| Stepping ~*~*~tactically~*~*~ (retreating).
 14308 | Lair:4   | 14308 ||| Stepping ~*~*~tactically~*~*~ (retreating).
 14309 | Lair:4   | 14309 ||| Stepping ~*~*~tactically~*~*~ (retreating).
 14310 | Lair:4   | 14310 ||| Stepping ~*~*~tactically~*~*~ (retreating).
 14311 | Lair:4   | 14311 ||| Stepping ~*~*~tactically~*~*~ (retreating).
 14312 | Lair:4   | 14312 ||| Stepping ~*~*~tactically~*~*~ (retreating).
 14313 | Lair:4   | 14313 ||| Stepping ~*~*~tactically~*~*~ (retreating).
 14314 | Lair:4   | 14314 ||| Stepping ~*~*~tactically~*~*~ (retreating).
 14315 | Lair:4   | 14315 ||| Stepping ~*~*~tactically~*~*~ (retreating).
 14324 | Lair:4   | HP: 14/71 [Josephine/ghostly fireball (8)]
 14325 | Lair:4   | 14325 ||| READING 2 scrolls of teleportation.
 14328 | Lair:4   | Killed Josephine
 14329 | Lair:4   | Reached skill level 6 in Armour
 14819 | Lair:4   | 14819 ||| READING 4 scrolls of identify.
 14819 | Lair:4   | 14819 ||| IDENTIFYING golden potion
 14837 | Lair:5   | Entered Level 5 of the Lair of Beasts
 14839 | Lair:5   | 14839 ||| PLANNING LAIR
 14873 | Lair:5   | 14873 ||| INVOKING Heroism.
 15054 | Lair:5   | 15054 ||| Stepping ~*~*~tactically~*~*~ (retreating).
 15055 | Lair:5   | 15055 ||| Stepping ~*~*~tactically~*~*~ (retreating).
 15057 | Lair:5   | 15057 ||| Stepping ~*~*~tactically~*~*~ (retreating).
 15127 | Lair:5   | 15127 ||| RETREATING.
 15134 | Lair:5   | 15134 ||| RETREATING.
 15141 | Lair:5   | Gained mutation: Your large and strong wings let you fly.
                  | [Gargoyle growth]
 15141 | Lair:5   | Reached XP level 14. HP: 90/90 MP: 21/21
 15217 | Lair:5   | Reached skill level 18 in Ranged Weapons
 15349 | Lair:5   | 15349 ||| RETREATING.
 15353 | Lair:5   | 15353 ||| Stepping ~*~*~tactically~*~*~ (retreating).
 15354 | Lair:5   | 15354 ||| Stepping ~*~*~tactically~*~*~ (retreating).
 15374 | Lair:5   | 15374 ||| INVOKING Heroism.
 15655 | Lair:5   | Noticed a dire elephant
 15655 | Lair:5   | Noticed a dire elephant
 15655 | Lair:5   | Noticed a dire elephant
 15656 | Lair:5   | 15656 ||| INVOKING Heroism.
 15656 | Lair:5   | Noticed a dire elephant
 15657 | Lair:5   | 15657 ||| INVOKING Finesse.
 15671 | Lair:5   | Reached skill level 12 in Fighting
 15737 | Lair:5   | 15737 ||| RETREATING.
 15751 | Lair:5   | 15751 ||| INVOKING Heroism.
 15752 | Lair:5   | 15752 ||| RETREATING.
 15753 | Lair:5   | 15753 ||| INVOKING Finesse.
 15758 | Lair:5   | 15758 ||| Stepping ~*~*~tactically~*~*~ (retreating).
 15759 | Lair:5   | 15759 ||| Stepping ~*~*~tactically~*~*~ (retreating).
 15760 | Lair:5   | 15760 ||| Stepping ~*~*~tactically~*~*~ (retreating).
 15856 | Lair:5   | 15856 ||| RETREATING.
 15861 | Lair:5   | 15861 ||| Stepping ~*~*~tactically~*~*~ (retreating).
 15862 | Lair:5   | 15862 ||| Stepping ~*~*~tactically~*~*~ (retreating).
 15870 | Lair:5   | 15870 ||| Stepping ~*~*~tactically~*~*~ (retreating).
 15874 | Lair:5   | 15874 ||| Stepping ~*~*~tactically~*~*~ (retreating).
 15875 | Lair:5   | 15875 ||| Stepping ~*~*~tactically~*~*~ (retreating).
 16040 | Lair:5   | 16040 ||| INVOKING Heroism.
 16055 | Lair:5   | HP: 17/92 [cane toad simulacrum (13)]
 16056 | Lair:5   | 16056 ||| READING 2 scrolls of teleportation.
 16208 | Lair:5   | 16208 ||| FLEEEEING.
 16209 | Lair:5   | 16209 ||| FLEEEEING.
 16210 | Lair:5   | 16210 ||| FLEEEEING.
 16216 | Lair:5   | 16216 ||| FLEEEEING.
 16217 | Lair:5   | 16217 ||| FLEEEEING.
 16218 | Lair:5   | 16218 ||| FLEEEEING.
 16219 | Lair:5   | 16219 ||| FLEEEEING.
 16224 | Lair:5   | 16224 ||| FLEEEEING.
 16225 | Lair:5   | 16225 ||| FLEEEEING.
 16226 | Lair:5   | 16226 ||| FLEEEEING.
 16227 | Lair:5   | 16227 ||| FLEEEEING.
 16228 | Lair:5   | 16228 ||| FLEEEEING.
 16229 | Lair:5   | 16229 ||| FLEEEEING.
 16230 | Lair:5   | 16230 ||| FLEEEEING.
 16233 | Lair:5   | 16233 ||| FLEEEEING.
 16234 | Lair:5   | 16234 ||| FLEEEEING.
 16240 | Lair:5   | 16240 ||| FLEEEEING.
 16241 | Lair:5   | 16241 ||| FLEEEEING.
 16242 | Lair:5   | 16242 ||| FLEEEEING.
 16243 | Lair:5   | 16243 ||| FLEEEEING.
 16244 | Lair:5   | 16244 ||| STAIRDANCE
 16458 | Lair:5   | Received a gift from Okawaru
 16533 | Lair:5   | 16533 ||| INVOKING Heroism.
 16540 | Lair:5   | 16540 ||| PLANNING LAIR
 16543 | Lair:5   | Killed a dire elephant
 16544 | Lair:5   | 16544 ||| RETREATING.
 16549 | Lair:5   | 16549 ||| Stepping ~*~*~tactically~*~*~ (retreating).
 16554 | Lair:5   | 16554 ||| Stepping ~*~*~tactically~*~*~ (retreating).
 16555 | Lair:5   | 16555 ||| Stepping ~*~*~tactically~*~*~ (retreating).
 16556 | Lair:5   | 16556 ||| RETREATING.
 16560 | Lair:5   | 16560 ||| Stepping ~*~*~tactically~*~*~ (retreating).
 16561 | Lair:5   | 16561 ||| Stepping ~*~*~tactically~*~*~ (retreating).
 16562 | Lair:5   | 16562 ||| Stepping ~*~*~tactically~*~*~ (retreating).
 16563 | Lair:5   | 16563 ||| Stepping ~*~*~tactically~*~*~ (retreating).
 16573 | Lair:5   | HP: 14/92 [dire elephant (18)]
 16574 | Lair:5   | 16574 ||| READING scroll of teleportation.
 16575 | Lair:5   | 16575 ||| Stepping ~*~*~tactically~*~*~ (retreating).
 16576 | Lair:5   | 16576 ||| Stepping ~*~*~tactically~*~*~ (retreating).
 16578 | Lair:5   | 16578 ||| INVOKING Heroism.
 16815 | Lair:5   | 16815 ||| INVOKING Heroism.
 16821 | Lair:5   | Killed a dire elephant
 16880 | Lair:5   | 16880 ||| INVOKING Heroism.
 16912 | Lair:5   | 16912 ||| Stepping ~*~*~tactically~*~*~ (retreating).
 16913 | Lair:5   | 16913 ||| Stepping ~*~*~tactically~*~*~ (retreating).
 16914 | Lair:5   | 16914 ||| Stepping ~*~*~tactically~*~*~ (retreating).
 16916 | Lair:5   | 16916 ||| Stepping ~*~*~tactically~*~*~ (retreating).
 16917 | Lair:5   | 16917 ||| Stepping ~*~*~tactically~*~*~ (retreating).
 16922 | Lair:5   | 16922 ||| Stepping ~*~*~tactically~*~*~ (retreating).
 16923 | Lair:5   | 16923 ||| Stepping ~*~*~tactically~*~*~ (retreating).
 16934 | Lair:5   | Killed a dire elephant
 16935 | Lair:5   | HP: 23/92 [elephant zombie (2)]
 17162 | Lair:5   | 17162 ||| INVOKING Heroism.
 17165 | Lair:5   | 17165 ||| PLANNING LAIR
 17168 | Lair:5   | 17168 ||| Stepping ~*~*~tactically~*~*~ (retreating).
 17250 | Lair:5   | 17250 ||| INVOKING Heroism.
 17260 | Lair:5   | 17260 ||| RETREATING.
 17347 | Lair:5   | 17347 ||| PLANNING D:1-11
 17347 | Lair:5   | 17347 ||| UPGRADING to amulet of regeneration.
 17520 | D:11     | 17520 ||| PLANNING D:1-11
 17577 | D:11     | Reached skill level 19 in Ranged Weapons
 17582 | D:11     | Found a transporter.
 17583 | D:11     | Found a transporter.
 17583 | D:11     | Noticed qw's ghost (journeyman GrHu)
 17895 | D:11     | 17895 ||| PLANNING D
 17895 | D:11     | 17895 ||| UPGRADING to +0 pair of boots.
 17900 | D:11     | 17900 ||| DROPPING ring of resist corrosion.
 17953 | D:12     | 17953 ||| INVOKING Heroism.
 18019 | D:12     | Noticed Nergalle
 18031 | D:12     | 18031 ||| Stepping ~*~*~tactically~*~*~ (retreating).
 18032 | D:12     | 18032 ||| Stepping ~*~*~tactically~*~*~ (retreating).
 18033 | D:12     | 18033 ||| Stepping ~*~*~tactically~*~*~ (retreating).
 18035 | D:12     | 18035 ||| Stepping ~*~*~tactically~*~*~ (retreating).
 18036 | D:12     | 18036 ||| Stepping ~*~*~tactically~*~*~ (retreating).
 18037 | D:12     | 18037 ||| Stepping ~*~*~tactically~*~*~ (retreating).
 18038 | D:12     | 18038 ||| Stepping ~*~*~tactically~*~*~ (retreating).
 18040 | D:12     | 18040 ||| Stepping ~*~*~tactically~*~*~ (retreating).
 18044 | D:12     | 18044 ||| Stepping ~*~*~tactically~*~*~ (retreating).
 18045 | D:12     | 18045 ||| Stepping ~*~*~tactically~*~*~ (retreating).
 18046 | D:12     | 18046 ||| Stepping ~*~*~tactically~*~*~ (retreating).
 18047 | D:12     | 18047 ||| Stepping ~*~*~tactically~*~*~ (retreating).
 18049 | D:12     | 18049 ||| Stepping ~*~*~tactically~*~*~ (retreating).
 18050 | D:12     | 18050 ||| Stepping ~*~*~tactically~*~*~ (retreating).
 18102 | D:12     | Found a snail-covered altar of Cheibriados.
 18161 | D:12     | 18161 ||| Stepping ~*~*~tactically~*~*~ (retreating).
 18163 | D:12     | 18163 ||| INVOKING Heroism.
 18194 | D:12     | 18194 ||| READING scroll of enchant armour.
 18194 | D:12     | 18194 ||| ENCHANTING +0 pair of boots.
 18204 | D:12     | Killed Nergalle
 18460 | D:12     | Found a runed translucent gate.
 18460 | D:12     | Found a runed translucent gate.
 18460 | D:12     | Found a runed translucent gate.
 18704 | D:12     | Found Yjeucemm's Antique Armour Boutique.
 18712 | D:12     | 18712 ||| BUYING distressingly furry ring mail (234 gold).
 18712 | D:12     | Bought a distressingly furry ring mail for 234 gold pieces
 18712 | D:12     | Identified the +5 ring mail of the Snake Pit {Str+3 Dex+3}
                  | (You bought it in a shop on level 12 of the Dungeon)
 18712 | D:12     | 18712 ||| BUYING glowing scarf (208 gold).
 18712 | D:12     | Bought a glowing scarf for 208 gold pieces
 18826 | D:12     | 18826 ||| DROPPING +0 robe of resistance.
 18827 | D:12     | 18827 ||| DROPPING +3 ring mail.
 18828 | D:12     | 18828 ||| UPGRADING to +5 ring mail of the Snake Pit {Str+3
                  | Dex+3}.
 18838 | D:12     | 18838 ||| DROPPING +1 ring mail "Relog" {Dex+5 Slay-2}.
 18839 | D:12     | 18839 ||| DROPPING scarf of shadows.
 18911 | D:13     | 18911 ||| INVOKING Heroism.
 18917 | D:13     | Reached XP level 15. HP: 98/98 MP: 19/22
 19099 | D:13     | Found a gate to the Vaults.
 19132 | D:13     | 19132 ||| READING scroll of enchant armour.
 19132 | D:13     | 19132 ||| ENCHANTING +1 pair of boots.
 19298 | D:13     | 19298 ||| Stepping ~*~*~tactically~*~*~ (outnumbered).
 19389 | D:13     | 19389 ||| DROPPING +1 helmet.
 19421 | D:14     | 19421 ||| PLANNING GAUNTLET
 19460 | D:14     | 19460 ||| FLEEEEING.
 19471 | D:14     | Noticed Rupert
 19472 | D:14     | 19472 ||| INVOKING Heroism.
 19473 | D:14     | 19473 ||| INVOKING Finesse.
 19489 | D:14     | Killed Rupert
 19489 | D:14     | Received a gift from Okawaru
 19555 | D:14     | 19555 ||| SWAPPING to +2 hand cannon of electrocution.
 19556 | D:14     | 19556 ||| DROPPING +1 longbow of Paper {drain, +Blink
                  | rPois}.
 19599 | D:14     | Found a gate leading to a gauntlet.
 19608 | Gauntlet | Entered a Gauntlet
 19608 | Gauntlet | Found a transporter.
 19616 | Gauntlet | Found a transporter.
 19619 | Gauntlet | Found a transporter.
 19630 | Gauntlet | Found a transporter.
 19633 | Gauntlet | Found a transporter.
 19641 | Gauntlet | Found a transporter.
 19662 | Gauntlet | Found a transporter.
 19663 | Gauntlet | Found a runed translucent door.
 19673 | Gauntlet | Found a transporter.
 19684 | Gauntlet | Found a transporter.
 19703 | Gauntlet | Found a transporter.
 19717 | Gauntlet | Found a transporter.
 19717 | Gauntlet | Found a transporter.
 19767 | Gauntlet | Found a transporter.
 19782 | Gauntlet | Found a runed translucent door.
 19785 | Gauntlet | Found a transporter.
 19893 | Gauntlet | 19893 ||| UPGRADING to amulet of faith.
 19924 | Gauntlet | 19924 ||| INVOKING Heroism.
 19971 | Gauntlet | Identified the +3 spear of Disarray {freeze, rN+ Stlth+}
 19982 | Gauntlet | 19982 ||| INVOKING Heroism.
 19983 | Gauntlet | 19983 ||| INVOKING Finesse.
 20100 | Gauntlet | Identified the amulet of Moral Flaws {Reflect Rampage rF+++
                  | rC+ MP-9 SH+5}
 20104 | Gauntlet | 20104 ||| DROPPING amulet of regeneration.
 20117 | Gauntlet | 20117 ||| INVOKING Heroism.
 20129 | Gauntlet | Reached skill level 20 in Ranged Weapons
 20318 | D:14     | 20318 ||| PLANNING D
 20422 | D:14     | 20422 ||| RETREATING.
 20431 | D:14     | 20431 ||| INVOKING Heroism.
 20432 | D:14     | 20432 ||| READING scroll of teleportation.
 20432 | D:14     | HP: 20/98 [enormous slime creature (55)]
 20433 | D:14     | 20433 ||| DRINKING 2 potions of heal wounds.
 20916 | D:14     | Found a blossoming altar of Fedhas.
 20965 | D:14     | 20965 ||| RETREATING.
 21196 | D:15     | Entered Level 15 of the Dungeon
 21241 | D:15     | 21241 ||| INVOKING Heroism.
 21307 | D:15     | 21307 ||| RETREATING.
 21432 | D:15     | Found a staircase to the Depths.
 21494 | D:15     | 21494 ||| FLEEEEING.
 21500 | D:15     | 21500 ||| FLEEEEING.
 21501 | D:15     | 21501 ||| FLEEEEING.
 21502 | D:15     | 21502 ||| FLEEEEING.
 21503 | D:15     | 21503 ||| FLEEEEING.
 21509 | D:15     | 21509 ||| FLEEEEING.
 21510 | D:15     | 21510 ||| FLEEEEING.
 21618 | D:15     | Identified the +5 longbow of the Final Decision {heavy,
                  | rPois rCorr} (Okawaru gifted it to you on level 15 of the
                  | Dungeon)
 21618 | D:15     | Received a gift from Okawaru
 21629 | D:15     | 21629 ||| DROPPING +5 longbow of the Final Decision {heavy,
                  | rPois rCorr}.
 21653 | D:15     | 21653 ||| RETREATING.
 21659 | D:15     | 21659 ||| INVOKING Heroism.
 21660 | D:15     | 21660 ||| Stepping ~*~*~tactically~*~*~ (retreating).
 21662 | D:15     | 21662 ||| Stepping ~*~*~tactically~*~*~ (retreating).
 21664 | D:15     | 21664 ||| Stepping ~*~*~tactically~*~*~ (retreating).
 21665 | D:15     | 21665 ||| Stepping ~*~*~tactically~*~*~ (retreating).
 21666 | D:15     | 21666 ||| Stepping ~*~*~tactically~*~*~ (retreating).
 21667 | D:15     | 21667 ||| Stepping ~*~*~tactically~*~*~ (retreating).
 21676 | D:15     | 21676 ||| INVOKING Heroism.
 21679 | D:15     | HP: 25/100 [white ugly thing (4)]
 21679 | D:15     | HP: 4/100 [white ugly thing (21)]
 21680 | D:15     | 21680 ||| READING scroll of teleportation.
 21681 | D:15     | 21681 ||| DRINKING 2 potions of heal wounds.
 21690 | D:15     | 21690 ||| FLEEEEING.
 21691 | D:15     | 21691 ||| FLEEEEING.
 21982 | D:15     | 21982 ||| INVOKING Heroism.
 22074 | D:15     | 22074 ||| INVOKING Heroism.
 22193 | D:15     | 22193 ||| RETREATING.
 22200 | D:15     | 22200 ||| Stepping ~*~*~tactically~*~*~ (retreating).
 22201 | D:15     | 22201 ||| Stepping ~*~*~tactically~*~*~ (retreating).
 22205 | D:15     | 22205 ||| Stepping ~*~*~tactically~*~*~ (retreating).
 22206 | D:15     | 22206 ||| Stepping ~*~*~tactically~*~*~ (retreating).
 22207 | D:15     | 22207 ||| Stepping ~*~*~tactically~*~*~ (retreating).
 22208 | D:15     | 22208 ||| Stepping ~*~*~tactically~*~*~ (retreating).
 22209 | D:15     | 22209 ||| INVOKING Heroism.
 22277 | D:15     | Found a glowing golden altar of the Shining One.
 22446 | D:15     | 22446 ||| PLANNING ORC
 22446 | D:15     | 22446 ||| UPGRADING to +0 pair of gloves.
 22451 | D:15     | 22451 ||| DROPPING ring of protection from cold.
 22452 | D:15     | 22452 ||| DROPPING ring of willpower.
 22453 | D:15     | 22453 ||| DROPPING +6 ring of strength.
 22605 | Orc:1    | Entered Level 1 of the Orcish Mines
 22607 | Orc:1    | 22607 ||| INVOKING Heroism.
 22610 | Orc:1    | 22610 ||| INVOKING Finesse.
 22611 | Orc:1    | 22611 ||| STAIRDANCE
 22659 | Orc:1    | 22659 ||| STAIRDANCE
 22677 | Orc:1    | 22677 ||| STAIRDANCE
 22686 | Orc:1    | 22686 ||| STAIRDANCE
 22794 | Orc:1    | 22794 ||| INVOKING Heroism.
 22796 | Orc:1    | 22796 ||| STAIRDANCE
 22806 | Orc:1    | 22806 ||| STAIRDANCE
 22815 | Orc:1    | 22815 ||| STAIRDANCE
 22823 | Orc:1    | 22823 ||| STAIRDANCE
 22875 | Orc:1    | 22875 ||| STAIRDANCE
 22882 | Orc:1    | 22882 ||| STAIRDANCE
 22889 | Orc:1    | 22889 ||| STAIRDANCE
 22937 | Orc:1    | Found Samoluaq's Book Shop.
 22938 | Orc:1    | 22938 ||| INVOKING Heroism.
 23169 | Orc:2    | Entered Level 2 of the Orcish Mines
 23173 | Orc:2    | 23173 ||| STAIRDANCE
 23277 | Orc:2    | 23277 ||| STAIRDANCE
 23279 | Orc:1    | 23279 ||| Stepping ~*~*~tactically~*~*~ (retreating).
 23280 | Orc:1    | 23280 ||| Stepping ~*~*~tactically~*~*~ (retreating).
 23281 | Orc:1    | 23281 ||| Stepping ~*~*~tactically~*~*~ (retreating).
 23282 | Orc:1    | 23282 ||| Stepping ~*~*~tactically~*~*~ (retreating).
 23283 | Orc:1    | 23283 ||| Stepping ~*~*~tactically~*~*~ (retreating).
 23289 | Orc:1    | Reached XP level 16. HP: 105/106 MP: 23/23
 23303 | Orc:1    | Reached skill level 9 in Armour
 23310 | Orc:2    | 23310 ||| STAIRDANCE
 23312 | Orc:1    | 23312 ||| Stepping ~*~*~tactically~*~*~ (retreating).
 23313 | Orc:1    | 23313 ||| Stepping ~*~*~tactically~*~*~ (retreating).
 23314 | Orc:1    | 23314 ||| Stepping ~*~*~tactically~*~*~ (retreating).
 23315 | Orc:1    | 23315 ||| Stepping ~*~*~tactically~*~*~ (retreating).
 23316 | Orc:1    | 23316 ||| Stepping ~*~*~tactically~*~*~ (retreating).
 23317 | Orc:1    | 23317 ||| Stepping ~*~*~tactically~*~*~ (retreating).
 23318 | Orc:1    | 23318 ||| Stepping ~*~*~tactically~*~*~ (retreating).
 23319 | Orc:1    | 23319 ||| Stepping ~*~*~tactically~*~*~ (retreating).
 23320 | Orc:1    | 23320 ||| Stepping ~*~*~tactically~*~*~ (retreating).
 23321 | Orc:1    | 23321 ||| Stepping ~*~*~tactically~*~*~ (retreating).
 23322 | Orc:1    | 23322 ||| INVOKING Heroism.
 23505 | Orc:2    | 23505 ||| STAIRDANCE
 23528 | Orc:2    | 23528 ||| STAIRDANCE
 23533 | Orc:1    | 23533 ||| INVOKING Heroism.
 23685 | Orc:2    | 23685 ||| STAIRDANCE
 23754 | Orc:2    | 23754 ||| STAIRDANCE
 23756 | Orc:1    | 23756 ||| Stepping ~*~*~tactically~*~*~ (retreating).
 23757 | Orc:1    | 23757 ||| Stepping ~*~*~tactically~*~*~ (retreating).
 23758 | Orc:1    | 23758 ||| Stepping ~*~*~tactically~*~*~ (retreating).
 23759 | Orc:1    | 23759 ||| Stepping ~*~*~tactically~*~*~ (retreating).
 23760 | Orc:1    | 23760 ||| Stepping ~*~*~tactically~*~*~ (retreating).
 23761 | Orc:1    | 23761 ||| INVOKING Heroism.
 23833 | Orc:2    | 23833 ||| STAIRDANCE
 23873 | Orc:2    | 23873 ||| STAIRDANCE
 23875 | Orc:1    | 23875 ||| Stepping ~*~*~tactically~*~*~ (retreating).
 23876 | Orc:1    | 23876 ||| Stepping ~*~*~tactically~*~*~ (retreating).
 23877 | Orc:1    | 23877 ||| Stepping ~*~*~tactically~*~*~ (retreating).
 23878 | Orc:1    | 23878 ||| Stepping ~*~*~tactically~*~*~ (retreating).
 23879 | Orc:1    | 23879 ||| Stepping ~*~*~tactically~*~*~ (retreating).
 23956 | Orc:2    | 23956 ||| STAIRDANCE
 23958 | Orc:1    | 23958 ||| INVOKING Heroism.
 23961 | Orc:1    | Received a gift from Okawaru
 23975 | Orc:2    | 23975 ||| STAIRDANCE
 24010 | Orc:2    | 24010 ||| STAIRDANCE
 24025 | Orc:2    | 24025 ||| STAIRDANCE
 24058 | Orc:2    | 24058 ||| INVOKING Heroism.
 24060 | Orc:2    | 24060 ||| Stepping ~*~*~tactically~*~*~ (outnumbered).
 24066 | Orc:2    | Reached skill level 21 in Ranged Weapons
 24090 | Orc:2    | 24090 ||| INVOKING Heroism.
 24116 | Orc:2    | 24116 ||| INVOKING Heroism.
 24118 | Orc:2    | 24118 ||| FLEEEEING.
 24119 | Orc:2    | 24119 ||| STAIRDANCE
 24310 | Orc:2    | 24310 ||| Stepping ~*~*~tactically~*~*~ (outnumbered).
 24370 | Orc:2    | Found a staircase to the Elven Halls.
 24376 | Orc:2    | Found Ofuez's Antique Weapon Shoppe.
 24377 | Orc:2    | Found Unih Akh's Distillery.
 24380 | Orc:2    | Found Vanuv's Antique Armour Shop.
 24380 | Orc:2    | Found Resmeifec's Magic Scroll Emporium.
 24388 | Orc:2    | 24388 ||| BUYING 2 potions of curing (84 gold).
 24388 | Orc:2    | Bought 2 potions of curing for 84 gold pieces
 24388 | Orc:2    | 24388 ||| BUYING potion of cancellation (112 gold).
 24388 | Orc:2    | Bought a potion of cancellation for 112 gold pieces
 24388 | Orc:2    | 24388 ||| BUYING potion of curing (42 gold).
 24388 | Orc:2    | Bought a potion of curing for 42 gold pieces
 24388 | Orc:2    | 24388 ||| BUYING potion of enlightenment (70 gold).
 24388 | Orc:2    | Bought a potion of enlightenment for 70 gold pieces
 24388 | Orc:2    | 24388 ||| BUYING potion of enlightenment (70 gold).
 24388 | Orc:2    | Bought a potion of enlightenment for 70 gold pieces
 24388 | Orc:2    | 24388 ||| BUYING potion of heal wounds (70 gold).
 24388 | Orc:2    | Bought a potion of heal wounds for 70 gold pieces
 24388 | Orc:2    | 24388 ||| BUYING potion of magic (112 gold).
 24388 | Orc:2    | Bought a potion of magic for 112 gold pieces
 24388 | Orc:2    | 24388 ||| BUYING potion of resistance (140 gold).
 24388 | Orc:2    | Bought a potion of resistance for 140 gold pieces
 24389 | Orc:2    | 24389 ||| BUYING scroll of acquirement (884 gold).
 24389 | Orc:2    | Bought a scroll of acquirement for 884 gold pieces
 24389 | Orc:2    | 24389 ||| SHOPLISTING scroll of enchant armour (127 gold,
                  | have 5).
 24389 | Orc:2    | 24389 ||| READING scroll of acquirement.
 24389 | Orc:2    | 24389 ||| ACQUIRING 705 gold pieces
 24389 | Orc:2    | Acquired 705 gold pieces
 24391 | Orc:2    | 24391 ||| BUYING scroll of enchant armour (127 gold).
 24391 | Orc:2    | Bought a scroll of enchant armour for 127 gold pieces
 24391 | Orc:2    | 24391 ||| READING scroll of enchant armour.
 24391 | Orc:2    | 24391 ||| ENCHANTING +0 pair of gloves.
 24452 | Orc:2    | 24452 ||| Stepping ~*~*~tactically~*~*~ (outnumbered).
 24454 | Orc:2    | 24454 ||| Stepping ~*~*~tactically~*~*~ (outnumbered).
 24456 | Orc:2    | 24456 ||| Stepping ~*~*~tactically~*~*~ (outnumbered).
 24457 | Orc:2    | 24457 ||| Stepping ~*~*~tactically~*~*~ (outnumbered).
 24702 | Orc:2    | 24702 ||| PLANNING SHOALS:1-3
 24836 | Shoals:1 | Entered Level 1 of the Shoals
 24849 | Shoals:1 | Noticed a kraken
 24857 | Shoals:1 | 24857 ||| Stepping ~*~*~tactically~*~*~ (retreating).
 24858 | Shoals:1 | 24858 ||| Stepping ~*~*~tactically~*~*~ (retreating).
 24859 | Shoals:1 | 24859 ||| Stepping ~*~*~tactically~*~*~ (retreating).
 24860 | Shoals:1 | 24860 ||| Stepping ~*~*~tactically~*~*~ (retreating).
 24861 | Shoals:1 | 24861 ||| Stepping ~*~*~tactically~*~*~ (retreating).
 24862 | Shoals:1 | 24862 ||| Stepping ~*~*~tactically~*~*~ (retreating).
 24863 | Shoals:1 | 24863 ||| INVOKING Heroism.
 24870 | Shoals:1 | HP: 25/106 [tentacle[a kraken] (16)]
 24871 | Shoals:1 | 24871 ||| DRINKING 2 potions of heal wounds.
 24873 | Shoals:1 | 24873 ||| DRINKING potion of heal wounds.
 24874 | Shoals:1 | HP: 7/106 [harpy (9)]
 24875 | Shoals:1 | Mangled by a tentacle

Levels and vault maps discovered:
D:1:      dpeg_arrival_water_altar, layout_loops_ring,
          dilly_ecumenical_altar_fadedgnrine
D:2:      layout_basic, basic_altar, uniq_crazy_yiuf_cottage
D:3:      layout_basic, mainiacjoe_overflow_catwalk_spiral, minmay_fountain_box,
          chequers_jeans, grunt_decor_junction, dk_noncrumbling_3,
          kennysheep_generic_room_7
D:4:      layout_basic, cheibrodos_ashenzari_chains
D:5:      layout_cave_pools, st_stairs_12
D:6:      layout_basic, jmf_multi_god_temple, pdpol_wu_jian_five_deadly_venoms,
          minmay_temple_entry_arrows, minmay_manual_mail
D:7:      layout_basic, lemuel_doored_altar,
          hangedman_abyss_or_decor_jellyfish_corner, uniq_menkaure
D:8:      layout_loops_ring, special_room [special_room_kobold], uniq_grum,
          uniq_prince_ribbit1, uniq_joseph
D:9:      layout_basic, kennysheep_mini
D:10:     wad_arrow_thing, layout_stronghold, erik_lair_island,
          minmay_orc_entry_temple_small, uniq_maggie
D:11:     layout_rooms, gammafunk_ghost_smash
D:12:     layout_loops_ring, ploomutoo_gammafunk_ghost_potion_laboratory,
          serial_shops, shop, chei_slow_surprise, uniq_nergalle
D:13:     layout_gridville, david_vaults_1, minmay_microvault
D:14:     layout_irregular_city, fedhas_altar_fruit_tree,
          gauntlet_entry_generic, uniq_rupert
D:15:     grunt_enter_depths_magical_seal, layout_loops_ring, nicolae_sextant,
          tso_altar
Lair:1:   layout_roguey
Lair:2:   layout_gridlike, dummy_snake_entry, patterned_corridor
Lair:3:   hellmonk_destroyed_diamonds, layout_loops_ring,
          minmay_shoals_entry_lonely_mermaid
Lair:4:   layout_long_grid, slime_entry_1, hangedman_tree_tricks,
          lemuel_fruit_fields, lemuel_fruit_fields, infiniplex_staircase_pool_2,
          uniq_josephine
Lair:5:   due_jungle_book, layout_concentric_octagons
Shoals:1: layout_shoals, serial_shops, nicolae_shop_pleasant_corner_grove, shop,
          shop
Orc:1:    layout_caves, serial_shops, shop, mines2_david
Orc:2:    st_orc_ogre_mass, layout_caves, nicolae_orc_crystal_geode

Skill      XL: |  1  2  3  4  5  6  7  8  9 10 11 12 13 14 15 16 |
---------------+-------------------------------------------------+-----
Ranged Weapons | 5 6 7 9 11 12 13 15 17 19 20 21 | 21.0
Armour         | 1 2 3 5 6 7 8 9 |  9.0
Fighting       | 3 5 7 8 9 10 11 13 14 | 14.0
Invocations    | 2 4 6 9 10 | 10.0
Dodging        | 2 4 5 6 7 8 |  8.3
Stealth        | |  1.1

Action                     |  1- 3 |  4- 6 |  7- 9 | 10-12 | 13-15 | 16-18 || total
---------------------------+-------+-------+-------+-------+-------+-------++-------
   Fire: Arbalest          |    83 |   121 |   226 |   655 |    93 |       ||  1178
         Longbow           |       |       |       |       |  1012 |       ||  1012
         Hand cannon       |       |       |       |       |   308 |   200 ||   508
 Invoke: Heroism           |       |     2 |    11 |    30 |    35 |     8 ||    86
         Finesse           |       |       |       |       |     7 |       ||     7
    Use: Scroll            |     5 |     3 |     8 |    13 |    11 |     2 ||    42
         Potion            |     2 |     1 |     3 |     2 |     2 |     2 ||    12
 Armour: Leather armour    |    20 |       |       |       |       |       ||    20
         Ring mail         |       |    76 |   148 |   417 |   547 |   218 ||  1406
  Dodge: Dodged            |    21 |    59 |   128 |   493 |   638 |   395 ||  1734

Table legend:
 A = Non-vault XP
 B = Vault XP
 C = Vault XP percentage of total XP
 D = Non-vault monster count
 E = Vault monster count
 F = Vault count percentage of total count
                 A         B        C        D         E       F
            +---------+---------+-------+---------+---------+-------
      Total |   89076 |   56498 |  38.8 |     508 |     175 |  25.6
            +---------+---------+-------+---------+---------+-------
        D:1 |      29 |       0 |   0.0 |      19 |       0 |   0.0
        D:2 |      30 |       0 |   0.0 |      14 |       0 |   0.0
        D:3 |     220 |       3 |   1.3 |      21 |       3 |  12.5
        D:4 |     205 |       0 |   0.0 |      19 |       0 |   0.0
        D:5 |     494 |      43 |   8.0 |      15 |       1 |   6.2
        D:6 |     799 |    1609 |  66.8 |      24 |       8 |  25.0
        D:7 |    1174 |     169 |  12.6 |      11 |       1 |   8.3
        D:8 |     826 |    3304 |  80.0 |      22 |      31 |  58.5
        D:9 |    1817 |       0 |   0.0 |      20 |       0 |   0.0
       D:10 |    5957 |    4578 |  43.5 |      58 |      25 |  30.1
       D:11 |    2881 |       0 |   0.0 |      14 |       0 |   0.0
       D:12 |    3614 |     797 |  18.1 |      16 |       2 |  11.1
       D:13 |    6950 |    3131 |  31.1 |      19 |       6 |  24.0
       D:14 |   10191 |    1994 |  16.4 |      23 |       1 |   4.2
       D:15 |   13027 |    4177 |  24.3 |      27 |      10 |  27.0
     Lair:1 |    7296 |       0 |   0.0 |      25 |       0 |   0.0
     Lair:2 |    4859 |       0 |   0.0 |      19 |       0 |   0.0
     Lair:3 |   10301 |     442 |   4.1 |      28 |       1 |   3.4
     Lair:4 |    3905 |    2541 |  39.4 |      14 |       6 |  30.0
     Lair:5 |   11024 |   15991 |  59.2 |      39 |      33 |  45.8
      Orc:1 |    1843 |   11725 |  86.4 |      33 |      34 |  50.7
      Orc:2 |    1634 |    2542 |  60.9 |      28 |       3 |   9.7
   Gauntlet |       0 |    3452 | 100.0 |       0 |      10 | 100.0
            +---------+---------+-------+---------+---------+-------
